 Dungeon Crawl Stone Soup version 0.25-a0-940-gc6eaff51cc (webtiles) character file.

Game seed: 16853613891407915174, levelgen mode: classic

128 Amnesiac the Magician (level 4, -3/25 HPs)
             Began as a Deep Elf Wizard on May 5, 2020.
             Slain by a worm (11 damage)
             ... on level 4 of the Dungeon.
             The game lasted 00:04:39 (1665 turns).

Amnesiac the Magician (Deep Elf Wizard)             Turns: 1665, Time: 00:04:40

Health: -3/25      AC:  3    Str:  4    XL:     4   Next: 86%
Magic:  9/12       EV: 13    Int: 24    God:
Gold:   84         SH:  0    Dex: 13    Spells: 1/12 levels left

rFire    . . .     SeeInvis .   a - +0 dagger (speed)
rCold    . . .     Gourm    .   (no shield)
rNeg     . . .     Faith    .   k - +0 robe
rPois    .         Spirit   .   m - +0 helmet
rElec    .         Reflect  .   (no cloak)
rCorr    .         Harm     .   (no gloves)
MR       .....                  (no boots)
Stlth    ++........             (no amulet)
HPRegen  0.08/turn              (no ring)
MPRegen  0.13/turn              (no ring)

@: very slightly contaminated
A: no striking features
a: no special abilities


You were on level 4 of the Dungeon.
You were not hungry.

You visited 1 branch of the dungeon, and saw 5 of its levels.

You collected 84 gold pieces.

Inventory:

Hand Weapons
 a - a +0 dagger of speed (weapon)
Armour
 k - a +0 robe (worn)
 m - a +0 helmet (worn)
Scrolls
 h - 2 scrolls of identify {!r}
Potions
 b - a potion of magic {!q}
 e - a potion of might {!q, unknown}
 f - a potion of berserk rage {!q, unknown}
 i - a potion of haste {!q}
 j - a potion of flight {!q}
Comestibles
 d - 9 rations
 g - 5 chunks of flesh


   Skills:
 + Level 1.2 Fighting
 * Level 3.4 Dodging
 - Level 3.0 Stealth
 - Level 4.5 Spellcasting
 - Level 4.0 Conjurations
 - Level 1.1 Summonings
 - Level 1.1 Translocations


You had one spell level left.
You knew the following spells:

 Your Spells              Type           Power        Failure   Level  Hunger
a - Magic Dart            Conj           ###.         1%          1    None
b - Call Imp              Summ           ##......     9%          2    None
e - Mephitic Cloud        Conj/Pois/Air  ##......     16%         3    ##.....
s - Conjure Flame         Conj/Fire      ###.....     12%         3    ##.....
v - Blink                 Tloc           N/A          9%          2    None

Your spell library contained the following spells:

 Spells                   Type           Power        Failure   Level  Hunger
 Slow                     Hex            #.......     14%         2    None


Dungeon Overview and Level Annotations

Branches:
Dungeon (5/15)
 Temple: D:4-7

Altars:
Xom


Message History

* * * LOW HITPOINT WARNING * * *
The giant cockroach is engulfed in noxious fumes.
The giant cockroach appears confused.
The giant cockroach falls into the water!
The giant cockroach drowns.
The worker ant is engulfed in noxious fumes.
An orc comes into view. It is wielding a +0 war axe.
The worker ant is engulfed in noxious fumes.
The worker ant appears confused.
The worker ant is engulfed in noxious fumes.
The worker ant appears confused.
Casting: Mephitic Cloud (quite dangerous; 16% risk of failure)
Confirm with . or Enter, or press ? or * to list all spells.
The spell is quite dangerous to cast (16% risk of failure)!
Continue anyway? [Y]es or [N]o only, please.
The spell is quite dangerous to cast (16% risk of failure)!
Continue anyway?
Aiming: Mephitic Cloud (quite dangerous; 16% risk of failure)
Press: ? - help, Shift-Dir - straight line, f - worm
Aim: a worm You miscast Mephitic Cloud.
You are very lightly contaminated with residual magic.
Nothing appears to happen.
You hear a splashing noise. x2
Casting: Mephitic Cloud (quite dangerous; 16% risk of failure)
Confirm with . or Enter, or press ? or * to list all spells.
The spell is quite dangerous to cast (16% risk of failure)!
Continue anyway? [Y]es or [N]o only, please.
The spell is quite dangerous to cast (16% risk of failure)!
Continue anyway?
Aiming: Mephitic Cloud (quite dangerous; 16% risk of failure)
Press: ? - help, Shift-Dir - straight line, f/p - worm
Aim: a worm The ball explodes into a vile cloud!
The stinking cloud engulfs the worm but does no damage.
You hear a shout!
The worm is engulfed in noxious fumes.
You hit the worm but do no damage.
The worker ant splashes around in the water.
You hit the worm.
The worm is lightly wounded.
The worker ant bites the worm.
Really quaff
b - 2 bubbling grey potions {!q}?
It was a potion of magic {!q}.
Magic courses through your body. The worm bites you.
* * * LOW HITPOINT WARNING * * *
Casting: Mephitic Cloud (quite dangerous; 16% risk of failure)
Confirm with . or Enter, or press ? or * to list all spells.
The spell is quite dangerous to cast (16% risk of failure)!
Continue anyway? [Y]es or [N]o only, please.
The spell is quite dangerous to cast (16% risk of failure)!
Continue anyway?
Aiming: Mephitic Cloud (quite dangerous; 16% risk of failure)
Press: ? - help, Shift-Dir - straight line, f/p - worm
Aim: a worm (lightly wounded) That beam is likely to hit you.
Continue anyway?
The ball explodes into a vile cloud!
The stinking cloud engulfs the worm but does no damage.
The worm is lightly wounded.
The stinking cloud engulfs the worker ant but does no damage.
The worker ant is lightly wounded.
The stinking cloud engulfs you but does no damage.
You barely miss the worm.
The worm is lightly wounded.
The worker ant barely misses the worm.
The worm is engulfed in noxious fumes.
The worm bites you!
You die...

....≈≈≈≈≈♣
...≈≈≈≈P≈♣
...≈≈≈≈≈P♣
..≈≈≈≈≈≈≈♣
..≈P≈≈≈≈≈♣
...P≈≈≈≈≈♣
.!.P≈≈☼a♣#
...≈P≈≈w########
..≈≈≈≈P♣@.....>#
..≈≈≈≈≈♣########
..♣≈P≈♣ . ♣≈Po
♣≈≈≈ .≈≈♣ ...♣


You could see a worm and a worker ant (confused).

Vanquished Creatures
  An ogre (D:4)
  2 adders (D:4)
  A worm (D:4)
  A dart slug (D:1)
  2 leopard geckos
  A giant cockroach (D:4)
  3 goblins (D:1)
  A hobgoblin (D:1)
  2 jackals (D:1)
  3 bats (D:1)
  2 frilled lizards
  A kobold (D:1)
  4 rats (D:1)
24 creatures vanquished.

Notes
Turn   | Place    | Note
-------+----------+-------------------------------------------
     0 | D:1      | Amnesiac the Deep Elf Wizard began the quest for the Orb.
     0 | D:1      | Reached XP level 1. HP: 10/10 MP: 7/7
   267 | D:1      | Reached XP level 2. HP: 15/15 MP: 5/9
   271 | D:1      | Learned a level 2 spell: Blink
   274 | D:1      | Learned a level 2 spell: Call Imp
  1197 | D:4      | Reached XP level 3. HP: 20/20 MP: 3/11
  1202 | D:4      | Learned a level 3 spell: Conjure Flame
  1206 | D:4      | Learned a level 3 spell: Mephitic Cloud
  1516 | D:4      | Noticed an ogre
  1561 | D:4      | Killed an ogre
  1561 | D:4      | Reached skill level 1 in Fighting
  1561 | D:4      | Reached XP level 4. HP: 25/25 MP: 0/12
  1630 | D:5      | Entered Level 5 of the Dungeon
  1630 | D:5      | Found a shimmering altar of Xom.
  1665 | D:4      | Slain by a worm

Levels and vault maps discovered:
D:1:      minmay_arrival_arboretum_large, layout_basic
D:2:      minmay_door_path, layout_basic
D:3:      layout_basic, minmay_rat_hole
D:4:      layout_basic, serial_bayou, serial_bayou_pond_d, serial_bayou_lake_a,
          serial_bayou_lagoon_a, serial_bayou_ford_a, portal_sewer_entry_e,
          minmay_ruptured, uniq_ijyb
D:5:      layout_loops_cross, first_ration, st_stairs_11,
          brannock_xom_greatest_gift, uniq_crazy_yiuf_cottage

Skill      XL: |  1  2  3 |
---------------+----------+-----
Conjurations   | 2 4 |  4.0
Stealth        | 3 |  3.0
Dodging        | 3 |  3.4
Fighting       | 1 |  1.2
Spellcasting   | |  4.5
Summonings     | |  1.1
Translocations | |  1.1

Action                   |  1- 3 |  4- 6 || total
-------------------------+-------+-------++-------
Melee: Dagger            |     2 |     4 ||     6
 Cast: Magic Dart        |    68 |     2 ||    70
       Mephitic Cloud    |     1 |     3 ||     4
       Conjure Flame     |       |     1 ||     1
  Use: Scroll            |     6 |       ||     6
       Potion            |       |     1 ||     1
  Eat: Chunk             |     2 |       ||     2
Dodge: Dodged            |    10 |     1 ||    11

Table legend:
 A = Non-vault XP
 B = Vault XP
 C = Vault XP percentage of total XP
 D = Non-vault monster count
 E = Vault monster count
 F = Vault count percentage of total count
                 A         B        C        D         E       F
            +---------+---------+-------+---------+---------+-------
      Total |     179 |       4 |   2.2 |      22 |       2 |   8.3
            +---------+---------+-------+---------+---------+-------
        D:1 |      28 |       0 |   0.0 |      17 |       0 |   0.0
        D:4 |     151 |       4 |   2.6 |       5 |       2 |  28.6
            +---------+---------+-------+---------+---------+-------
